 Dungeon Crawl Stone Soup version 0.31-a0-1-g4198be8af4 (webtiles) character file.

Game seed: 5454603525157944986

15305 snarfax the Grappler (level 12, 0/106 HPs)
             Began as a Ghoul Gladiator on May 1, 2023.
             Killed from afar by a manticore (10 damage)
             ... with a volley of spikes
             ... on level 2 of the Lair of Beasts.
             The game lasted 00:33:36 (11226 turns).

snarfax the Grappler (Ghoul Gladiator)             Turns: 11226, Time: 00:33:37

Health: 0/106      AC: 14    Str: 21    XL:     12   Next: 25%
Magic:  11/11      EV:  6    Int:  5    God:
Gold:   184        SH: 14    Dex: 10    Spells: 11/11 levels left

rFire   . .          .
                       - Unarmed
rCold   + + .        G - +0 kite shield
rNeg    + + +        H - +0 plate armour
rPois   ∞            b - +1 helmet
rElec   .            (no cloak)
rCorr   .            (no gloves)
SInv    .            (no boots)
Will    +....        D - amulet of reflection Stlth
                     g - ring of protection from cold
HPRegen 0.00/turn    v - ring of willpower
MPRegen 0.12/turn

%: reflection
@: spiked, inhibited regen, invisible
A: claws 1, cold resistance 1, negative energy resistance 3, inhibited
regeneration, torment resistance 2, devour on kill
a: no special abilities


You were on level 2 of the Lair of Beasts.
You visited 3 branches of the dungeon, and saw 13 of its levels.
You also visited: Ossuary.

You collected 573 gold pieces.
You spent 389 gold pieces at shops.

Inventory:

Hand Weapons
 f - a +4 spear of protection
Missiles
 d - a javelin
 l - 34 poisoned darts (quivered)
 u - 2 atropa-tipped darts
Armour
 a - a +0 leather armour
 b - a +1 helmet (worn)
 h - a +0 ring mail
 t - a +3 leather armour of poison resistance
 G - a +0 kite shield (worn)
 H - a +0 plate armour (worn)
Jewellery
 g - a ring of protection from cold (left claw)
 m - a +6 ring of intelligence
 q - a ring of flight
 v - a ring of willpower (right claw)
 w - an amulet of guardian spirit
 C - a ring of protection from fire
 D - an amulet of reflection (around neck)
 J - a ring of ice
Wands
 y - a wand of charming (1)
Scrolls
 z - a scroll of magic mapping
 A - a scroll of fear
 B - 3 scrolls of poison
 E - 4 scrolls of teleportation
 I - 2 scrolls of fog
 K - a scroll of silence {unknown}
Potions
 c - 3 potions of attraction
 e - 3 potions of haste
 i - 2 potions of might
 j - 3 potions of magic
 k - 5 potions of curing
 n - a potion of cancellation
 o - a potion of flight {unknown}
 p - a potion of brilliance {unknown}
 r - 3 potions of degeneration {unknown}
 s - a potion of invisibility
 x - 2 potions of mutation {unknown}
 F - 2 potions of berserk rage {unknown}


   Skills:
 + Level 10.2 Fighting
 - Level 5.0 Throwing
 + Level 5.7 Armour
 - Level 2.6 Dodging
 - Level 8.0 Stealth
 + Level 5.9 Shields
 + Level 13.7 Unarmed Combat


You had 11 spell levels left.
You didn't know any spells.
Your spell library contained the following spells:

 Spells                   Type           Power      Damage    Failure   Level
 Apportation              Tloc           0%         N/A       100%        1
 Ignite Poison            Fire/Tmut/Pois 0%         N/A       100%        3
 Vhi's Electric Charge    Tloc/Air       0%         N/A       100%        3
 Animate Dead             Necr           0%         N/A       100%        4
 Sticky Flame             Conj/Fire      0%         2d3       100%        4
 Alistair's Intoxication  Tmut/Pois      0%         N/A       100%        5
 Arcjolt                  Conj/Air       0%         1d10      100%        5
 Haunt                    Necr/Summ      0%         N/A       100%        7
 Ignition                 Fire           0%         3d3       100%        8
 Infestation              Necr           0%         N/A       100%        8
 Maxwell's Capacitive Co  Air            0%         ∞         100%        8


Dungeon Overview and Level Annotations

Branches:
Dungeon (10/15)            Temple (1/1) D:5            Lair (2/5) D:10
 Shoals (0/4) Lair:2          Orc (0/2) D:9         Ossuary (visited)
  Snake: Lair:2-3    Spider: Lair:2-3

Altars:
Ashenzari
Dithmenos
Fedhas
Gozag
Hepliaklqana
Kikubaaqudgha
Makhleb
Nemelex Xobeh
Okawaru
Qazlal
Ru
Sif Muna
Trog
Vehumet
Wu Jian
Xom
Yredelemnul

Shops:
D:1 !*([   D:2 ?   D:7 (


Innate Abilities, Weirdness & Mutations

You are immune to poison.
You have sharp fingernails.
Your flesh is cold resistant. (rC+)
You are immune to negative energy. (rN+++)
You do not regenerate when monsters are visible.
You are immune to unholy pain and torment.
You thrive by killing the living.


Message History

The manticore claws you!
You mangle the wind drake!!
You kill the wind drake!
The manticore barely misses you. You block the manticore's attack.
The manticore barely misses you.
You scratch the manticore but do no damage.
The manticore is lightly wounded.
The manticore bites you but does no damage.
The manticore claws you. x2
You claw the manticore!
The manticore is moderately wounded.
You claw the manticore!
The manticore is heavily wounded.
You block the manticore's attack. x3
You scratch the manticore but do no damage.
The manticore is heavily wounded.
The manticore looks more healthy.
The manticore bites you!
* * * LOW HITPOINT WARNING * * *
The manticore claws you.
* * * LOW HITPOINT WARNING * * *
The manticore claws you but does no damage.
You fade into invisibility!
The manticore bites you but does no damage.
The manticore claws you.
* * * LOW HITPOINT WARNING * * *
The manticore claws you.
* * * LOW HITPOINT WARNING * * *
The manticore flicks its tail.
The manticore flicks its tail.
The manticore flicks its tail.
The volley of spikes hits you.
The barbed spikes become lodged in your body.
* * * LOW HITPOINT WARNING * * *
The barbs in your skin will harm you if you move.
Continue?
Okay, then.
You feel better.
The manticore flicks its tail.
The volley of spikes hits you!
The barbed spikes become lodged in your body.
You die...

.... ... .. ##+.
###.†## #.#...### ##
##.......# .###
#........## ##..# .
.##..<@....####...+....
#...........#.(........
#.........##..#####....
....#.......P.†.# ...
....#.......H..## ..
... #.......##.# k .
###.P..##### ###..#
#.##


You could see a manticore (unable to see you).

Vanquished Creatures
  Fannar (Lair:1)
  2 two-headed ogres
  Pikel (D:6)
  A rime drake (Lair:1)
  4 cane toads
  2 komodo dragons
  2 tengu conjurers (D:9)
  3 trolls
  A wind drake (Lair:2)
  A polar bear (D:10)
  Grinder (D:6)
  5 blink frogs (D:10)
  A shadow (D:9)
  22 yaks
  A wraith (D:10)
  A wyvern (D:9)
  A steam dragon (D:10)
  An acid dragon (D:9)
  A two-headed ogre zombie (D:9)
  7 water moccasins
  Duvessa (D:6)
  8 black bears
  3 orc warriors
  An ice beast (D:8)
  2 ogres
  A centaur (D:10)
  A phantom (D:5)
  2 kobold brigands
  3 bullfrogs
  3 scorpions
  4 water moccasin zombies (Ossuary)
  3 wights (D:9)
  Dowan (D:6)
  3 troll zombies (D:9)
  3 howler monkeys
  An electric eel (D:10)
  6 hounds
  A gnoll bouda (D:9)
  4 orc priests
  A sleepcap (D:5)
  5 iguanas
  Ijyb (D:3)
  7 orc wizards
  4 ogre zombies (D:9)
  2 mummies (Ossuary)
  10 gnolls
  4 adders
  3 adder zombies (Ossuary)
  8 worms
  3 dart slugs
  35 orcs
  7 ball pythons
  9 endoplasms
  4 giant cockroaches
  7 goblins
  9 hobgoblins
  7 quokkas
  5 bats
  5 frilled lizards
  6 gnoll zombies (Ossuary)
  3 goblin skeletons (D:9)
  4 goblin zombies (D:9)
  6 hobgoblin zombies
  16 kobolds
  5 kobold zombies (Ossuary)
  4 orc skeletons (D:9)
  18 orc zombies
  5 rats
313 creatures vanquished.

Vanquished Creatures (others)
  26 fungi
  35 plants
61 creatures vanquished.

Grand Total: 374 creatures vanquished

Notes
Turn   | Place    | Note
-------+----------+-------------------------------------------
     0 | D:1      | snarfax the Ghoul Gladiator began the quest for the Orb.
     0 | D:1      | Reached XP level 1. HP: 17/17 MP: 0/0
    11 | D:1      | Found Konkadwas's Armour Shoppe.
   111 | D:1      | Reached XP level 2. HP: 20/24 MP: 1/1
   197 | D:1      | Found Voymaalo's Assorted Antiques.
   219 | D:1      | Reached skill level 4 in Unarmed Combat
   332 | D:1      | Found Vompec's Antique Weapon Shop.
   370 | D:1      | Found Kusidieh's Distillery.
   606 | D:2      | Found a shimmering altar of Xom.
   667 | D:1      | Bought a potion of curing for 33 gold pieces
   765 | D:2      | Reached XP level 3. HP: 29/29 MP: 2/2
   914 | D:2      | Reached skill level 5 in Unarmed Combat
   979 | D:2      | Reached XP level 4. HP: 32/36 MP: 3/3
   997 | D:2      | Found Jekiuw's Magic Scroll Shoppe.
  1493 | D:3      | Reached skill level 6 in Unarmed Combat
  1555 | D:3      | Reached XP level 5. HP: 40/41 MP: 4/4
  2022 | D:3      | Noticed Ijyb
  2048 | D:3      | Killed Ijyb
  2620 | D:4      | Reached skill level 1 in Stealth
  2620 | D:4      | Reached XP level 6. HP: 48/48 MP: 5/5
  2671 | D:4      | Reached skill level 7 in Unarmed Combat
  2886 | D:4      | Noticed a black bear
  2905 | D:4      | Killed a black bear
  2906 | D:4      | Reached XP level 7. HP: 49/55 MP: 6/6
  3086 | D:2      | Bought a scroll of teleportation for 33 gold pieces
  3086 | D:2      | Bought a scroll of fear for 44 gold pieces
  3086 | D:2      | Bought a scroll of poison for 44 gold pieces
  3136 | D:5      | Entered Level 5 of the Dungeon
  3142 | D:5      | Found a broken altar of Ashenzari.
  3364 | D:5      | Reached skill level 8 in Unarmed Combat
  3365 | D:5      | Reached skill level 5 in Stealth
  3400 | D:5      | Found a radiant altar of Vehumet.
  3515 | D:5      | Found a staircase to the Ecumenical Temple.
  3531 | Temple   | Entered the Ecumenical Temple
  3859 | D:5      | Reached XP level 8. HP: 19/61 MP: 3/7
  4037 | D:5      | Reached skill level 9 in Unarmed Combat
  4338 | D:6      | Noticed a troll
  4363 | D:5      | Killed a troll
  4536 | D:6      | Found a bloodstained altar of Trog.
  4730 | D:6      | Reached skill level 10 in Unarmed Combat
  4735 | D:6      | Reached XP level 9. HP: 51/69 MP: 5/8
  4984 | D:6      | Noticed Grinder
  4986 | D:6      | Paralysed by Grinder for 5 turns
  4999 | D:6      | Noticed Duvessa
  5256 | D:6      | Noticed Dowan
  5262 | D:6      | Killed Duvessa
  5273 | D:6      | Killed Dowan
  5319 | D:7      | Noticed Pikel
  5331 | D:6      | Killed Pikel
  5332 | D:6      | Reached skill level 5 in Fighting
  5341 | D:6      | Killed Grinder
  5342 | D:6      | Reached skill level 11 in Unarmed Combat
  5663 | D:7      | Found Puulec's Antique Weapon Emporium.
  5842 | D:8      | Found a sand-covered staircase.
  5848 | Ossuary  | Entered an ossuary
  6128 | D:8      | Reached XP level 10. HP: 85/86 MP: 9/9
  6653 | D:9      | Reached skill level 1 in Shields
  6672 | D:9      | Reached skill level 12 in Unarmed Combat
  6675 | D:9      | Reached skill level 1 in Armour
  6697 | D:8      | HP: 2/86 [yak (4)]
  7325 | D:9      | Noticed a two-headed ogre
  7334 | D:9      | Killed a two-headed ogre
  8038 | D:9      | Found a staircase to the Orcish Mines.
  8052 | D:9      | Reached XP level 11. HP: 82/95 MP: 10/10
  8271 | D:10     | Entered Level 10 of the Dungeon
  8342 | D:10     | Noticed a two-headed ogre
  8365 | D:10     | Killed a two-headed ogre
  8408 | D:10     | Found a staircase to the Lair.
  8632 | D:2      | Bought a scroll of brand weapon for 104 gold pieces
  8683 | D:1      | Bought a black potion for 20 gold pieces
  8683 | D:1      | Bought a scroll labelled JOIMIURHOCW for 23 gold pieces
  8701 | D:1      | Bought a potion of heal wounds for 55 gold pieces
  8701 | D:1      | Bought a potion of curing for 33 gold pieces
  9082 | D:10     | Reached skill level 13 in Unarmed Combat
  9237 | Lair:1   | Entered Level 1 of the Lair of Beasts
  9631 | D:10     | Reached skill level 5 in Shields
 10005 | Lair:1   | Noticed Fannar
 10012 | Lair:1   | Reached skill level 5 in Armour
 10043 | Lair:1   | Killed Fannar
 10303 | Lair:1   | Reached XP level 12. HP: 106/106 MP: 11/11
 10425 | Lair:1   | Reached skill level 10 in Fighting
 10702 | Lair:1   | Reached skill level 5 in Throwing
 10735 | Lair:1   | HP: 5/106 [yak (5)]
 11192 | Lair:2   | Found a staircase to the Shoals.
 11225 | Lair:2   | HP: 5/106 [manticore/volley of spikes (6)]
 11226 | Lair:2   | Killed from afar by a manticore

Illustrated notes

Levels and vault maps discovered:
D:1:      mushboom_english_gardens, layout_basic, serial_shops, shop,
          nicolae_shop_temple_entry_statues_fountains, shop, shop
D:2:      layout_rooms, basic_altar, serial_shops, shop,
          kennysheep_generic_room_8
D:3:      minmay_chambers_of_threes, layout_loops_corners, uniq_ijyb
D:4:      minmay_octagon_keep, layout_basic
D:5:      layout_loops_ring, nicolae_overflow_hidden_temple,
          lemuel_crystal_altar, minmay_temple_entry_glass
D:6:      layout_rooms, trog_book, uniq_duvessa, uniq_grinder
D:7:      layout_layer_cave, chequers_temple_overflow_statue_of_worship,
          serial_shops, shop, enter_bailey_5, minmay_misc_feat_room,
          minivault_25, uniq_pikel
D:8:      layout_basic, nicolae_ossuary_entry_plus
D:9:      layout_roguey, zombieorc2_lemuel
D:10:     layout_basic, due_lair_maze_entry_diamond, minivault_14, uniq_grum
Temple:   minmay_temple_bridge_d
Lair:1:   layout_hall_layers, uniq_fannar
Lair:2:   layout_roguey, minmay_shoals_entry_beasts,
          nicolae_spider_entry_lesser_pyramids, gammafunk_ghost_arena,
          chequers_serial_rivers_marsh

Skill      XL: |  1  2  3  4  5  6  7  8  9 10 11 12 |
---------------+-------------------------------------+-----
Unarmed Combat | 4 5 6 7 8 10 11 12 13 | 13.7
Stealth        | 1 3 5 7 8 |  8.0
Fighting       | 3 7 8 9 10 | 10.2
Shields        | 3 5 |  5.9
Armour         | 3 5 |  5.7
Throwing       | 2 4 5 |  5.0
Dodging        | |  2.6

Action                     |  1- 3 |  4- 6 |  7- 9 | 10-12 || total
---------------------------+-------+-------+-------+-------++-------
  Melee: Unarmed           |   111 |   164 |   363 |   521 ||  1159
         Punch             |     1 |     4 |    16 |     1 ||    22
  Throw: Throwing net      |     1 |     2 |     5 |       ||     8
         Dart              |       |     4 |    10 |    29 ||    43
         Javelin           |       |       |       |     1 ||     1
  Evoke: Wand              |       |       |       |     9 ||     9
    Use: Scroll            |     1 |       |    11 |     8 ||    20
         Potion            |       |       |       |    10 ||    10
   Stab: Held in net/web   |       |     1 |     2 |       ||     3
         Sleeping          |       |       |     7 |     1 ||     8
 Armour: Leather armour    |     5 |    22 |   136 |     3 ||   166
         Ring mail         |    38 |    31 |       |       ||    69
         Plate armour      |       |       |       |   188 ||   188
  Dodge: Dodged            |    49 |    68 |   171 |    84 ||   372
  Block: Kite shield       |       |       |       |   280 ||   280
         Reflection        |       |       |       |     1 ||     1

Table legend: (Time is in decaauts)
 A = Elapsed time spent in this place.
 B = Non-inter-level travel time spent in this place.
 C = Inter-level travel time spent in this place.
 D = Time resting spent in this place.
 E = Time spent auto-exploring this place.
 F = Levels seen in this place.
 G = Mean time per level.
                   A        B        C        D        E       F      G
               +--------+--------+--------+--------+--------+-----+--------+
         Total |  11061 |   9954 |   1107 |   1287 |   6180 |  14 |  790.1 |
       Dungeon |   9303 |   8318 |    985 |   1047 |   5110 |  10 |  930.3 |
        Temple |    164 |     65 |     99 |      0 |     59 |   1 |  164.0 |
          Lair |   1343 |   1321 |     22 |    240 |    849 |   2 |  671.5 |
       Ossuary |    250 |    250 |      0 |      0 |    162 |   1 |  250.0 |
               +--------+--------+--------+--------+--------+-----+--------+

Top non-repeatable levels by time:
     D:9: 1524 daAuts
     D:5: 1370 daAuts
  Lair:1: 1287 daAuts
     D:3: 1225 daAuts
    D:10: 1099 daAuts
     D:8: 842 daAuts
     D:4: 751 daAuts
     D:1: 740 daAuts
     D:6: 739 daAuts
     D:2: 636 daAuts
     D:7: 375 daAuts
 Ossuary: 250 daAuts
  Temple: 164 daAuts
  Lair:2: 55 daAuts
